 Dungeon Crawl Stone Soup version 0.27.1-3-gb3d3a73c9e (webtiles) character file.

Game seed: 15664799527311417838

68516 Erina the Impaler (level 14, -12/138 HPs)
             Began as a Minotaur Berserker on Oct 23, 2021.
             Was a High Priest of Trog.
             Mangled by Rupert (15 damage)
             ... on level 1 of the Snake Pit on Oct 30, 2021.
             The game lasted 01:45:42 (22791 turns).

Erina the Impaler (Minotaur Berserker)             Turns: 22791, Time: 01:45:43

Health: -12/138    AC: 27    Str: 31    XL:     14   Next: 86%
Magic:  9/13       EV:  9    Int:  6    God:    Trog [*****.]
Gold:   1552       SH:  0    Dex: 10    Spells: 13/13 levels left

rFire    + . .     SeeInvis .   F - +2 glaive (protect)
rCold    . . .     Faith    .   (shield currently unavailable)
rNeg     . . .     Spirit   .   U - +1 plate armour {rF+}
rPois    +         Reflect  .   L - +2 hat
rElec    .         Harm     .   f - +0 cloak
rCorr    .         Rampage  .   C - +2 pair of gloves
Will     +++..                  s - +2 pair of boots
Stlth    ..........             (no amulet)
HPRegen  1.33/turn              l - +6 ring of strength
MPRegen  0.13/turn              y - ring of poison resistance

@: strong-willed, on berserk cooldown, regenerating, slowed, very slow
A: horns 2, retaliatory headbutt
a: Renounce Religion, Berserk, Trog's Hand, Brothers in Arms


You were on level 1 of the Snake Pit.
You worshipped Trog.
Trog was extremely pleased with you.
You visited 4 branches of the dungeon, and saw 20 of its levels.
You also visited: Volcano.

You collected 1904 gold pieces.
You spent 352 gold pieces at shops.

Inventory:

Hand Weapons
 F - a +2 glaive of protection (weapon)
 O - a +4 battleaxe of flaming
Missiles
 H - 53 poisoned darts (quivered)
Armour
 f - a +0 cloak (worn)
 s - a +2 pair of boots (worn)
 C - a +2 pair of gloves (worn)
 L - a +2 hat (worn)
 U - a +1 plate armour of fire resistance (worn)
Jewellery
 l - a +6 ring of strength (left hand)
 t - a ring of flight
 y - a ring of poison resistance (right hand)
 X - a +6 ring of strength
Wands
 h - a wand of digging (10)
 i - a wand of iceblast (54)
 J - a wand of paralysis (12)
Scrolls
 d - 2 scrolls of identify
 g - 2 scrolls of fear
 v - 5 scrolls of fog
 x - a scroll of silence
 E - 3 scrolls of teleportation
 V - 3 scrolls of blinking
 W - a scroll of torment
Potions
 c - 9 potions of curing
 j - 5 potions of ambrosia
 o - 3 potions of invisibility
 B - 4 potions of might
 I - 4 potions of heal wounds
 P - a potion of berserk rage
 S - 3 potions of haste
 T - 2 potions of brilliance


   Skills:
 + Level 16.7 Fighting
 * Level 8.3(15.4) Axes
 - Level 20.0(20.4) Polearms
 + Level 13.4 Armour
 - Level 3.8 Dodging
 * Level 8.9 Shields
 - Level 5.0 Evocations


You had 13 spell levels left.
You didn't know any spells.
Your spell library contained the following spells:

 Spells                   Type           Power      Damage    Failure   Level
 Shock                    Conj/Air       0%         1d3       95%         1
 Swiftness                Air            0%         N/A       100%        3
 Airstrike                Air            0%         N/A       100%        4


Dungeon Overview and Level Annotations

Branches:
Dungeon (12/15)            Temple (1/1) D:5            Lair (6/6) D:10
 Shoals (0/4) Lair:3        Snake (1/4) Lair:2        Slime (0/5) Lair:5
    Orc (0/2) D:12        Volcano (visited)

Altars:
Ashenzari
Cheibriados
Dithmenos
Elyvilon
Fedhas
Gozag
Hepliaklqana
Kikubaaqudgha
Makhleb
Nemelex Xobeh
Okawaru
Qazlal
Ru
Sif Muna
Trog
Uskayaw
Vehumet
Wu Jian
Xom
Yredelemnul
Zin
The Shining One
Lugonu

Shops:
D:7 !

Portals:
Abyss: Lair:6

Annotations:
D:11 3 runed translucent doors, Cykl0x's ghost, journeyman MiFi; Stajl's ghost, journeyman TrBe; Tzialkovskiy's ghost, journeyman GrFi
D:12 2 transporters, Quickbrownfox's ghost, journeyman DsIE
Snake:1 Rupert


Innate Abilities, Weirdness & Mutations

You have a pair of horns on your head.
You reflexively headbutt those who attack you in melee.


Message History

You closely miss Rupert.
Rupert is moderately wounded.
Rupert hits you with a +1 great sword of holy wrath!!
You barely miss Rupert.
Rupert is moderately wounded.
Rupert hits you but does no damage.
A red film seems to cover your vision as you go berserk!
You feel yourself moving faster!
You feel mighty!
Rupert hits you with a +1 great sword of holy wrath!!
You barely miss Rupert. Your headbutt misses Rupert.
Rupert is moderately wounded.
Rupert hits you with a +1 great sword of holy wrath!!
You slash Rupert!
Rupert is moderately wounded.
Rupert hits you with a +1 great sword of holy wrath!
You slash Rupert! Your headbutt misses Rupert.
Rupert is heavily wounded.
You barely miss Rupert. Your headbutt misses Rupert.
Rupert is heavily wounded.
Rupert barely misses you.
You slice Rupert!!
Rupert is heavily wounded.
Rupert hits you but does no damage.
You hit Rupert.
Rupert is heavily wounded.
Rupert hits you with a +1 great sword of holy wrath!!
* * * LOW HITPOINT WARNING * * *
Rupert rages.
You feel a strong urge to attack something.
You feel your anger nearly subside.
You are no longer berserk.
You are exhausted.
You feel yourself slow down.
Rupert rages.
Your skin crawls.
You feel strong-willed.
Rupert hits you with a +1 great sword of holy wrath!!
* * * LOW HITPOINT WARNING * * *
Rupert hits you with a +1 great sword of holy wrath!
You die...

#.#..#.######(#.^..###.#....#
. .........<[...)).)...##'###
.. ...######.#.##.###.....#
... ...#### #)..##.# #.....#
.#......#.####.###.....#
......+..............#
......#..............#
......#+####+#.......#
.........@.......#####
#......@.......#
.##..............#
........########.# .##.###.#
#.# # #.# #.# #.# .# ...
##+#.


You could see Rupert (berserk).

Vanquished Creatures
  Gastronok (D:11)
  The ghost of TangoThomas the Reanimator, a journeyman DsNe of Dithmenos (Lair:2)
  4 hydras
  6 two-headed ogres
  A boulder beetle (Lair:1)
  A naga sharpshooter (Snake:1)
  16 death yaks
  3 thrashing horrors (Lair:6)
  A tengu warrior (D:12)
  2 shock serpents (Snake:1)
  2 skeletal warriors (Volcano)
  A lindwurm (Lair:5)
  An anaconda skeleton (Volcano)
  2 deep elf pyromancers (D:12)
  A mana viper (Snake:1)
  An ugly thing (Lair:6)
  2 manticores (D:11)
  A cyclops (D:11)
  A salamander (Snake:1)
  7 slime creatures (D:12)
  A centaur zombie (D:10)
  10 elephants
  6 black mambas
  Maurice (D:11)
  7 gargoyles
  2 smoke demons (Lair:6)
  A rime drake (Lair:5)
  9 cane toads
  Maggie (D:6)
  A kobold demonologist (D:11)
  8 komodo dragons
  A queen bee (shapeshifter) (Lair:6)
  2 ancient zymes (Lair:6)
  4 polar bears
  2 trolls
  A hornet (D:5)
  2 harpy skeletons (Volcano)
  26 blink frogs
  7 dream sheep (Lair:4)
  3 alligator skeletons (Volcano)
  A shadow (D:10)
  10 small abominations (Lair:6)
  2 flying skulls (Volcano)
  A ynoxinul (Lair:6)
  21 yaks
  4 wyverns
  6 basilisks
  Eustachio (D:4)
  3 chaos spawn (Lair:6)
  2 steam dragons (D:9)
  3 wargs (D:12)
  An acid dragon (D:11)
  6 nagas
  9 water moccasins
  An ice beast (D:5)
  6 orc warriors
  A black bear (D:6)
  A sky beast (D:6)
  An ogre (D:5)
  21 wolves
  5 centaurs
  4 kobold brigands
  7 bullfrogs
  3 scorpions
  A water moccasin skeleton (D:4)
  2 wyvern skeletons
  7 killer bees
  4 wights (D:7)
  A troll skeleton (Volcano)
  An electric eel (Lair:1)
  A spriggan skeleton (Volcano)
  4 howler monkeys
  2 hounds
  A centaur skeleton (D:4)
  A gnoll shaman (D:6)
  5 jellies
  5 orc priests
  Crazy Yiuf (D:6)
  Jessica (D:2)
  A scorpion zombie (D:5)
  2 iguanas
  8 orc wizards
  3 hell rats (D:10)
  A killer bee zombie (D:8)
  3 naga skeletons (Volcano)
  2 hound zombies (D:5)
  A hound skeleton (D:4)
  A howler monkey zombie (D:11)
  3 gnolls (D:6)
  A river rat (D:10)
  4 adders
  An ufetubus (D:4)
  2 adder skeletons (D:4)
  2 worms
  35 orcs
  9 endoplasms
  6 giant cockroaches
  14 goblins
  7 hobgoblins
  3 jackals (D:2)
  23 kobolds
  6 quokkas
  7 ball pythons
  6 bats
  5 frilled lizards
  14 rats
477 creatures vanquished.

Vanquished Creatures (collateral kills)
  A tengu warrior (D:11)
  A death yak (D:10)
  A tengu conjurer (D:11)
3 creatures vanquished.

Vanquished Creatures (others)
  A flying skull (Volcano)
  22 fungi
  52 plants
  4 withered plants (D:11)
79 creatures vanquished.

Grand Total: 559 creatures vanquished

Notes
Turn   | Place    | Note
-------+----------+-------------------------------------------
     0 | D:1      | Erina the Minotaur Berserker began the quest for the Orb.
     0 | D:1      | Reached XP level 1. HP: 19/19 MP: 0/0
    83 | D:1      | Reached skill level 4 in Polearms
    97 | D:1      | Reached XP level 2. HP: 25/27 MP: 1/1
   706 | D:2      | Reached XP level 3. HP: 23/33 MP: 2/2
  1167 | D:2      | Reached ** piety under Trog
  1412 | D:2      | Noticed Jessica
  1424 | D:2      | Found a faded altar of an unknown god.
  1426 | D:2      | Reached XP level 4. HP: 39/41 MP: 3/3
  1429 | D:2      | Killed Jessica
  1430 | D:2      | Reached skill level 5 in Polearms
  1430 | D:2      | Reached skill level 1 in Shields
  1695 | D:3      | Found a bloodstained altar of Trog.
  2589 | D:4      | Reached *** piety under Trog
  2668 | D:4      | Reached XP level 5. HP: 38/47 MP: 4/4
  2772 | D:4      | Reached skill level 6 in Polearms
  2863 | D:4      | Noticed Eustachio
  2904 | D:4      | Killed Eustachio
  2905 | D:4      | Reached XP level 6. HP: 33/55 MP: 5/5
  3039 | D:4      | Reached skill level 5 in Fighting
  3720 | D:5      | Entered Level 5 of the Dungeon
  3787 | D:5      | Reached skill level 7 in Polearms
  3822 | D:5      | Reached XP level 7. HP: 44/61 MP: 6/6
  4191 | D:5      | Found a sparkling altar of Nemelex Xobeh.
  4227 | D:5      | Reached **** piety under Trog
  4234 | D:5      | Reached skill level 8 in Polearms
  4478 | D:5      | Found a staircase to the Ecumenical Temple.
  4488 | Temple   | Entered the Ecumenical Temple
  4952 | D:5      | Reached skill level 5 in Armour
  4952 | D:5      | Reached XP level 8. HP: 69/69 MP: 7/7
  4955 | D:5      | Found an ornate altar of the Wu Jian Council.
  4955 | D:5      | Found a broken altar of Ashenzari.
  4966 | D:5      | Noticed a hornet
  4975 | D:5      | Paralysed by a hornet for 1 turns
  4977 | D:5      | Killed a hornet
  4978 | D:5      | Reached skill level 9 in Polearms
  5133 | D:5      | Found a shimmering altar of Xom.
  5205 | D:5      | Identified 2 scrolls of acquirement
  5205 | D:5      | Acquired a manual of Fighting
  5323 | D:6      | Noticed a two-headed ogre
  5328 | D:6      | Killed a two-headed ogre
  5329 | D:6      | Reached skill level 11 in Polearms
  5329 | D:6      | Reached XP level 9. HP: 44/78 MP: 8/8
  5531 | D:6      | Found a runed translucent door.
  5532 | D:6      | Noticed Crazy Yiuf
  5538 | D:6      | Killed Crazy Yiuf
  5855 | D:6      | Noticed Maggie
  5875 | D:6      | Killed Maggie
  6192 | D:6      | Reached skill level 12 in Polearms
  6951 | D:7      | Found Sipheb's Distillery.
  7027 | D:7      | Bought a potion of degeneration for 16 gold pieces
  7027 | D:7      | Bought 2 potions of curing for 96 gold pieces
  7027 | D:7      | Bought a potion of might for 64 gold pieces
  7027 | D:7      | Bought a potion of curing for 48 gold pieces
  7027 | D:7      | Bought a potion of heal wounds for 80 gold pieces
  7027 | D:7      | Bought a potion of curing for 48 gold pieces
  7308 | D:8      | Identified the +9 flail "Benubug" {elec, +Rage rF+ rN+
                  | Int-4}
  7463 | D:8      | Reached skill level 13 in Polearms
  7550 | D:8      | Noticed a two-headed ogre
  7807 | D:8      | Identified the +0 trident "Zuseogoc" {drain, +Blink rElec
                  | Will+}
  7852 | D:8      | Killed a two-headed ogre
  7853 | D:8      | Reached XP level 10. HP: 51/88 MP: 9/9
  8096 | D:8      | Noticed a gargoyle
  8100 | D:8      | Killed a gargoyle
  8580 | D:9      | Noticed a two-headed ogre
  8588 | D:9      | Killed a two-headed ogre
  8589 | D:9      | Reached skill level 14 in Polearms
  9672 | D:10     | Entered Level 10 of the Dungeon
  9672 | D:10     | Noticed a two-headed ogre
  9686 | D:10     | Killed a two-headed ogre
  9687 | D:10     | Reached skill level 15 in Polearms
  9806 | D:10     | Noticed a gargoyle
  9818 | D:10     | Killed a gargoyle
  9928 | D:10     | Found a blossoming altar of Fedhas.
  9929 | D:10     | Found a white marble altar of Elyvilon.
 10100 | D:10     | Noticed a death yak
 10103 | D:10     | Reached XP level 11. HP: 94/94 MP: 10/10
 10104 | D:10     | Reached ***** piety under Trog
 10112 | D:10     | Killed a death yak
 10114 | D:10     | Noticed a death yak
 10122 | D:10     | Noticed a death yak
 10128 | D:10     | Killed a death yak
 10129 | D:10     | Reached skill level 16 in Polearms
 10131 | D:10     | Killed a death yak
 10389 | D:10     | Found a staircase to the Lair.
 10592 | D:11     | Reached skill level 10 in Fighting
 10618 | D:11     | Noticed Gastronok
 10641 | D:11     | Killed Gastronok
 10973 | D:11     | Noticed Maurice
 10987 | D:11     | Killed Maurice
 11044 | D:11     | Reached skill level 17 in Polearms
 11140 | D:11     | Found a runed translucent gate.
 11140 | D:11     | Found a runed translucent gate.
 11140 | D:11     | Found a runed translucent gate.
 11141 | D:11     | Noticed Stajl's ghost (journeyman TrBe)
 11142 | D:11     | Noticed Cykl0x's ghost (journeyman MiFi)
 11142 | D:11     | Noticed Tzialkovskiy's ghost (journeyman GrFi)
 11237 | D:11     | Noticed a tengu warrior
 11252 | D:11     | Noticed a sun demon
 11258 | D:11     | Killed a tengu warrior
 11267 | D:11     | Reached skill level 10 in Armour
 11937 | D:12     | Found a staircase to the Orcish Mines.
 11937 | D:12     | Noticed a two-headed ogre
 11968 | D:12     | Killed a two-headed ogre
 12075 | D:12     | Reached XP level 12. HP: 95/110 MP: 11/11
 12280 | D:12     | Noticed a two-headed ogre
 12281 | D:12     | Noticed Quickbrownfox's ghost (journeyman DsIE)
 12285 | D:12     | Found a bloodstained altar of Trog.
 12292 | D:12     | Noticed a two-headed ogre
 12293 | D:12     | Noticed a two-headed ogre
 12300 | D:12     | Found a transporter.
 12486 | D:12     | Noticed a four-headed hydra
 12495 | D:12     | Killed a one-headed hydra
 12564 | D:12     | Reached skill level 18 in Polearms
 12761 | D:12     | Noticed a tengu warrior
 12770 | D:12     | Killed a tengu warrior
 12862 | D:12     | Noticed a two-headed ogre
 12871 | D:12     | Killed a two-headed ogre
 13051 | D:12     | Found a transporter.
 13475 | Lair:1   | Entered Level 1 of the Lair of Beasts
 13845 | Lair:1   | Reached skill level 1 in Evocations
 13861 | Lair:1   | Noticed a boulder beetle
 13881 | Lair:1   | Killed a boulder beetle
 13882 | Lair:1   | Reached skill level 19 in Polearms
 14510 | Lair:2   | Found a dark tunnel.
 14526 | Lair:2   | Acquired the +0 pair of gloves of Marucu {rF- rCorr Str+2}
 14532 | Volcano  | Entered a volcano
 14728 | Volcano  | Reached XP level 13. HP: 113/119 MP: 12/12
 14974 | Lair:2   | Reached skill level 5 in Shields
 15148 | Lair:2   | Found a broken altar of Ashenzari.
 15509 | Lair:2   | Found a staircase to the Snake Pit.
 15830 | Lair:2   | Reached skill level 20 in Polearms
 15921 | Lair:2   | Found a runed translucent gate.
 15922 | Lair:2   | Found a runed translucent gate.
 15922 | Lair:2   | Noticed TangoThomas's ghost (journeyman DsNe)
 15923 | Lair:2   | Found a runed translucent gate.
 15931 | Lair:2   | Killed TangoThomas's ghost
 16571 | Lair:3   | Reached skill level 1 in Axes
 16791 | Lair:3   | Found a staircase to the Shoals.
 17222 | Lair:4   | Found a radiant altar of Vehumet.
 18682 | Lair:5   | Reached skill level 15 in Fighting
 18806 | Lair:5   | Reached XP level 14. HP: 135/135 MP: 13/13
 18894 | Lair:5   | Received a gift from Trog
 18929 | Lair:5   | Found a staircase to the Slime Pits.
 19669 | Lair:5   | Reached skill level 5 in Evocations
 20006 | Lair:6   | Entered Level 6 of the Lair of Beasts
 20361 | Lair:6   | Reached ****** piety under Trog
 20451 | Lair:6   | Reached skill level 5 in Axes
 20594 | Lair:6   | Identified the +4 quarterstaff of Laceration {vorpal, Drain
                  | rC+ Int+4 Dex+4}
 21237 | Lair:6   | Received a gift from Trog
 21262 | Lair:6   | Found a corrupted altar of Lugonu.
 21262 | Lair:6   | Found a one-way gate to the infinite horrors of the Abyss.
 22018 | Snake:1  | Entered Level 1 of the Snake Pit
 22756 | Snake:1  | Noticed Rupert
 22791 | Snake:1  | HP: 3/138 [Rupert (30)]
 22791 | Snake:1  | Mangled by Rupert

Illustrated notes

Levels and vault maps discovered:
D:1:      lemuel_arrival_cross, layout_basic
D:2:      layout_loops_cross, chequers_ecumenical_altar_simple_redux,
          minmay_misc_feat_five, minmay_rat_gold_closets, uniq_jessica
D:3:      layout_basic, nicolae_overflow_crystal_walls, serial_co_window_serial,
          co_window_paths_a, co_window_corner_a, co_window_of_opportunity_a,
          co_window_paths_b, co_window_paths_a, co_window_corner_a,
          co_window_broadway_c, co_window_paths_c, co_window_of_opportunity_b,
          co_window_4corner_a, glass_columns_a, glass_columns_a, glass_columns_a
D:4:      wad_river_or_something, layout_rooms, uniq_eustachio
D:5:      layout_basic, mainiacjoe_overflow_swirl,
          gammafunk_temple_overflow_wave, temple_green, grunt_ministairs_15,
          serial_bayou_lagoon_b
D:6:      layout_gridville, uniq_crazy_yiuf_cottage, uniq_maggie
D:7:      layout_rooms, serial_shops, nicolae_inconvenience_store,
          minmay_misc_feat_pillars, minmay_misc_feat_columns, kennysheep_dice
D:8:      layout_basic
D:9:      layout_stronghold
D:10:     layout_cave_pools, mainiacjoe_overflow_large_starburst,
          dpeg_lair_monsters
D:11:     layout_loops_cross, gammafunk_ghost_cemetery, uniq_maurice,
          uniq_gastronok
D:12:     layout_roguey, minmay_orc_entry_guard_dogs,
          gammafunk_ghost_wrathful_warriors
Temple:   regret_index_temple_waves
Lair:1:   layout_loops_ring, grunt_megastairs_3, serial_bayou_shore_a
Lair:2:   layout_gridlike, minmay_snake_entry_guardpost_medium, basic_altar,
          ebering_ghost_rock_garden, nicolae_volcano_entry_hallway,
          grunt_megastairs_1
Lair:3:   layout_regular_city, shoals_dummy_entry, grunt_megastairs_5,
          infiniplex_staircase_pool, lemuel_fruit_fields
Lair:4:   layout_layer_cave, basic_altar, hibernation_bobbens
Lair:5:   layout_small_grid, nicolae_slime_entry_slimehenge
Lair:6:   hellmonk_lair_end_abyssal_woods, layout_regular_city
Snake:1:  layout_basic, uniq_rupert

Skill      XL: |  1  2  3  4  5  6  7  8  9 10 11 12 13 14 |
---------------+-------------------------------------------+-----
Polearms       | 4 5 6 7 8 11 13 15 17 19 20 | 20.0
Fighting       | 4 5 6 7 9 11 12 15 16 | 16.7
Armour         | 3 5 6 7 9 10 11 12 13 | 13.4
Shields        | 1 2 3 4 7 8 |  8.9
Dodging        | 3 |  3.8
Evocations     | 2 4 5 |  5.0
Axes           | 3 8 |  8.3

Action                   |  1- 3 |  4- 6 |  7- 9 | 10-12 | 13-15 || total
-------------------------+-------+-------+-------+-------+-------++-------
Melee: Spear             |   145 |   211 |    48 |       |       ||   404
       Headbutt          |    15 |    40 |    25 |   104 |   177 ||   361
       Glaive            |       |       |   153 |   454 |   550 ||  1157
       Scimitar          |       |       |       |     6 |       ||     6
       Battleaxe         |       |       |       |       |    65 ||    65
Throw: Boomerang         |       |       |       |     1 |       ||     1
Invok: Berserk           |       |     1 |     3 |     4 |     2 ||    10
       Trog's Hand       |       |     1 |     1 |     2 |     3 ||     7
       Brothers in Arms  |       |       |       |     2 |       ||     2
  Use: Scroll            |       |     5 |     9 |    10 |     5 ||    29
       Potion            |       |       |     1 |     1 |       ||     2
 Stab: Sleeping          |     1 |       |       |       |       ||     1
Armor: Animal skin       |     4 |       |       |       |       ||     4
       Ring mail         |    30 |       |       |       |       ||    30
       Scale mail        |    11 |    10 |       |       |       ||    21
       Chain mail        |       |    83 |    82 |       |       ||   165
       Plate armour      |       |       |       |   283 |   385 ||   668
Dodge: Dodged            |    26 |    51 |    67 |   181 |   238 ||   563
Block: Kite shield       |    28 |   103 |    13 |       |       ||   144
       Rpst.: Scimitar   |       |       |       |     2 |       ||     2
